 Dungeon Crawl Stone Soup version 0.28-a0-691-gad6df49e81 (webtiles) character file.

Game seed: 13504254712715080065

1337 ytrimaz the Cleaver (level 8, -6/65 HPs)
             Began as a Formicid Fighter on Oct 21, 2021.
             Killed from afar by a steam dragon (17 damage)
             ... with a ball of steam
             ... on level 6 of the Dungeon.
             The game lasted 00:06:00 (5855 turns).

ytrimaz the Cleaver (Formicid Fighter)              Turns: 5855, Time: 00:06:01

Health: -6/65      AC: 12    Str: 22    XL:     8   Next: 92%
Magic:  8/8        EV:  7    Int:  9    God:
Gold:   301        SH:  5    Dex: 16    Spells: 7/7 levels left

rFire   . . .      SeeInvis +   a - +0 war axe
rCold   . . .      Faith    .   c - +0 buckler
rNeg    + . .      Spirit   .   g - +0 chain mail {rN+}
rPois   .          Reflect  .   (helmet unavailable)
rElec   .          Harm     .   (no cloak)
rCorr   .          Rampage  .   m - +1 pair of gloves
Will    .....                   n - +0 pair of boots
Stlth   ..........              (no amulet)
HPRegen 0.20/turn               e - +6 ring of dexterity
MPRegen 0.11/turn               (no ring)

@: no status effects
A: permanent stasis, dig shafts and tunnels, antennae 3, four strong arms
a: Dig, Shaft Self


You were on level 6 of the Dungeon.
You visited 1 branch of the dungeon, and saw 6 of its levels.

You collected 301 gold pieces.

Inventory:

Hand Weapons
 a - a +0 war axe (weapon)
Missiles
 d - a throwing net
Armour
 c - a +0 buckler (worn)
 g - a +0 chain mail of positive energy (worn)
 m - a +1 pair of gloves (worn)
 n - a +0 pair of boots (worn)
Jewellery
 e - a +6 ring of dexterity (left hand)
Wands
 h - a wand of flame (13)
Scrolls
 f - 2 scrolls of identify
 i - a scroll of silence
 j - a scroll of enchant armour
 l - 3 scrolls of enchant weapon
Potions
 k - 2 potions of lignification


   Skills:
 + Level 6.7 Fighting
 + Level 9.0 Axes
 - Level 3.2 Armour
 - Level 3.6 Shields


You had 7 spell levels left.
You didn't know any spells.
Your spell library contained the following spells:

 Spells                   Type           Power      Damage    Failure   Level
 Slow                     Hex            0%         N/A       99%         2
 Call Canine Familiar     Summ           0%         N/A       100%        3
 Confusing Touch          Hex            0%         N/A       100%        3
 Portal Projectile        Hex/Tloc       0%         N/A       100%        3
 Leda's Liquefaction      Hex/Erth       0%         N/A       100%        4
 Yara's Violent Unravell  Hex/Tmut       0%         3d3       100%        5


Dungeon Overview and Level Annotations

Branches:
Dungeon (6/15)
 Temple: D:4-7

Altars:
Uskayaw
Vehumet

Shops:
D:1 *


Innate Abilities, Weirdness & Mutations

You cannot be hasted, slowed, berserked, paralysed or teleported.
You can dig through walls and to a lower floor.
You have a pair of large antennae on your head. (SInv)
Your four strong arms can wield two-handed weapons with a shield.


Message History

You slash the gnoll!
The gnoll is severely wounded.
The gnoll hits you but does no damage. The gnoll barely misses you.
Unknown command.
You barely miss the gnoll.
The gnoll is severely wounded.
The gnoll hits you with a +0 flail! You block the gnoll's attack.
You hit the gnoll but do no damage.
The gnoll is severely wounded.
The steam dragon breathes steam at you.
The ball of steam hits the gnoll!
The gnoll dies!
The ball of steam hits you!
* * * LOW HITPOINT WARNING * * *
The gnoll barely misses you.
Unknown command.
You are engulfed in a cloud of scalding steam.
* * * LOW HITPOINT WARNING * * *
You are engulfed in a cloud of scalding steam.
You feel much better.
You are engulfed in a cloud of scalding steam.
The sky beast is engulfed in a cloud of scalding steam.
The sky beast is engulfed in a cloud of scalding steam.
The sky beast flickers out of sight for a moment.
The gnoll is engulfed in a cloud of scalding steam.
The steam dragon breathes steam at you. The ball of steam hits you!
The steam dragon breathes steam at you. The ball of steam hits you.
Found a scroll labelled NUQE DEMOECHYBBAS.
You see here a scroll labelled NUQE DEMOECHYBBAS.
The steam dragon breathes steam at you. The ball of steam hits you!
The steam dragon breathes steam at you. The ball of steam hits you!
* * * LOW HITPOINT WARNING * * *
There is a stone staircase leading up here.
The steam dragon breathes steam at you. The ball of steam hits you!
You die...

#......## #......###
#........#
#......#...#
##...##.#####
##....#..#
##........##
###......##..# ####
........####@###..#
##......# #.§##..##
#.##...# ##.§..# .##
.. ##..##
#....###.## #
#...###..##..##..##
#....#..####.D§...##
###....# #...§D..##
##..## ##..###§Y.###
##.#####..##
##D...##


There were no monsters in sight!

Vanquished Creatures
  A sky beast (D:6)
  2 black bears (D:6)
  An ice beast (D:6)
  An ogre (D:5)
  A phantom (D:5)
  2 bullfrogs (D:6)
  2 scorpions
  2 hounds
  A gnoll shaman (D:4)
  An orc priest (D:4)
  A centaur skeleton (D:5)
  A bullfrog skeleton (D:3)
  6 iguanas (D:5)
  Terence (D:2)
  2 orc wizards
  A howler monkey zombie (D:5)
  4 gnolls
  3 adders
  A shadow imp (D:5)
  An ufetubus (D:5)
  A worm (D:5)
  9 orcs
  3 endoplasms
  3 giant cockroaches
  5 goblins
  10 hobgoblins
  3 jackals (D:1)
  A quokka (D:2)
  8 ball pythons
  5 bats
  2 frilled lizards (D:2)
  A jackal skeleton (D:4)
  7 kobolds
  4 rats
97 creatures vanquished.

Vanquished Creatures (others)
  A gnoll (D:6)
1 creature vanquished.

Grand Total: 98 creatures vanquished

Notes
Turn   | Place    | Note
-------+----------+-------------------------------------------
     0 | D:1      | ytrimaz the Formicid Fighter began the quest for the Orb.
     0 | D:1      | Reached XP level 1. HP: 18/18 MP: 1/1
   140 | D:1      | Reached XP level 2. HP: 25/25 MP: 2/2
   143 | D:1      | Found Pemar's General Store.
   546 | D:1      | Reached XP level 3. HP: 27/30 MP: 3/3
  1073 | D:2      | Reached skill level 3 in Axes
  1186 | D:2      | Reached XP level 4. HP: 28/37 MP: 4/4
  1445 | D:2      | Noticed Terence
  1452 | D:2      | Killed Terence
  1864 | D:3      | Found a faded altar of an unknown god.
  2116 | D:3      | Reached skill level 4 in Axes
  2116 | D:3      | Reached XP level 5. HP: 41/43 MP: 5/5
  2577 | D:4      | Found a radiant altar of Vehumet.
  2778 | D:4      | Reached XP level 6. HP: 39/49 MP: 6/6
  2953 | D:4      | Reached skill level 5 in Axes
  3020 | D:4      | Reached skill level 5 in Fighting
  3801 | D:5      | Entered Level 5 of the Dungeon
  3822 | D:5      | Reached XP level 7. HP: 24/56 MP: 7/7
  4233 | D:5      | Reached skill level 6 in Axes
  4965 | D:5      | Reached skill level 7 in Axes
  5081 | D:5      | Found a hide-covered altar of Uskayaw.
  5100 | D:5      | Reached XP level 8. HP: 64/64 MP: 8/8
  5585 | D:6      | Reached skill level 8 in Axes
  5816 | D:6      | Reached skill level 9 in Axes
  5855 | D:6      | Killed from afar by a steam dragon

Illustrated notes

Levels and vault maps discovered:
D:1:      minmay_arrival_semitransparent, layout_loops_cross, serial_shops,
          nicolae_square_shop
D:2:      layout_basic, uniq_terence
D:3:      layout_basic, shapermc_ecumenical_altar_acropolis,
          minmay_misc_feat_doors, kennysheep_generic_room_11
D:4:      layout_basic, mainiacjoe_overflow_paths
D:5:      layout_cave_pools, nicolae_uskayaw_suspiria
D:6:      layout_layer_cave

Skill      XL: |  1  2  3  4  5  6  7  8 |
---------------+-------------------------+-----
Fighting       | 4 5 6 |  6.7
Axes           | 3 4 5 7 9 |  9.0
Armour         | |  3.2
Shields        | |  3.6

Action                   |  1- 3 |  4- 6 |  7- 9 || total
-------------------------+-------+-------+-------++-------
Melee: War axe           |   105 |    87 |   127 ||   319
  Use: Scroll            |     1 |     6 |       ||     7
       Potion            |       |     2 |     2 ||     4
Armor: Scale mail        |    30 |       |       ||    30
       Chain mail        |    37 |    64 |    76 ||   177
Dodge: Dodged            |    71 |    29 |    46 ||   146
Block: Buckler           |    37 |    21 |    27 ||    85

Table legend: (Time is in decaauts)
 A = Elapsed time spent in this place.
 B = Non-inter-level travel time spent in this place.
 C = Inter-level travel time spent in this place.
 D = Time resting spent in this place.
 E = Time spent auto-exploring this place.
 F = Levels seen in this place.
 G = Mean time per level.
                   A        B        C        D        E       F      G
               +--------+--------+--------+--------+--------+-----+--------+
         Total |   5931 |   5722 |    209 |   1005 |   3655 |   6 |  988.5 |
       Dungeon |   5931 |   5722 |    209 |   1005 |   3655 |   6 |  988.5 |
               +--------+--------+--------+--------+--------+-----+--------+

Top non-repeatable levels by time:
     D:5: 1389 daAuts
     D:4: 1243 daAuts
     D:1: 977 daAuts
     D:2: 831 daAuts
     D:3: 805 daAuts
     D:6: 683 daAuts
